 Dungeon Crawl Stone Soup version 0.29-a0-1052-g6990b1bffc (webtiles) character file.

Game seed: 12806813614419540134

241 xian the Grave Robber (level 5, -2/28 HPs)
             Began as a Deep Elf Necromancer on Aug 18, 2022.
             Slain by a water moccasin (4 damage)
             ... on level 7 of the Dungeon.
             The game lasted 00:11:17 (3357 turns).

xian the Grave Robber (Deep Elf Necromancer)        Turns: 3357, Time: 00:11:18

Health: -2/28      AC: 10    Str: 11    XL:     5   Next: 80%
Magic:  15/15      EV: 12    Int: 22    God:
Gold:   143        SH:  0    Dex: 15    Spells: 8/16 levels left

rFire   . . .      SeeInvis .   f - +2 short sword (protect)
rCold   . . .      Faith    .   (no shield)
rNeg    . . .      Spirit   .   d - +0 leather armour
rPois   .          Reflect  .   (no helmet)
rElec   .          Harm     .   (no cloak)
rCorr   .          Rampage  .   (no gloves)
Will    .....                   (no boots)
Stlth   ++........              (no amulet)
HPRegen 0.09/turn               r - +6 ring of strength
MPRegen 0.14/turn               (no ring)

@: under a protective aura
A: no striking features
a: no special abilities


You were on level 7 of the Dungeon.
You visited 1 branch of the dungeon, and saw 6 of its levels.

You collected 143 gold pieces.

Inventory:

Hand Weapons
 f - a +2 short sword of protection (weapon)
Missiles
 g - 10 poisoned darts
Armour
 d - a +0 leather armour (worn)
Jewellery
 r - a +6 ring of strength (left hand)
Scrolls
 h - a scroll of teleportation
 j - a scroll of poison
 k - a scroll of magic mapping {unknown}
 q - a scroll of summoning {unknown}
 s - a scroll of enchant armour {unknown}
Potions
 a - a potion of brilliance {unknown}
 b - a potion of magic
 c - 2 potions of berserk rage {unknown}
 e - a potion of mutation {unknown}
 l - 2 potions of heal wounds {unknown}
 n - a potion of haste {unknown}
 o - 2 potions of flight {unknown}
 p - a potion of curing {unknown}


   Skills:
 + Level 0.2 Fighting
 + Level 0.6 Short Blades
 + Level 0.8 Armour
 + Level 2.7 Dodging
 + Level 3.0 Stealth
 + Level 6.0 Spellcasting
 + Level 6.3 Necromancy


You had 8 spell levels left.
You knew the following spells:

 Your Spells              Type           Power      Damage    Failure   Level
a - Necrotise             Necr           100%       1d9       1%          1
b - Vampiric Draining     Necr           34%        2d8       2%          3
c - Animate Dead          Necr           34%        N/A       9%          4

Your spell library contained the following spells:

 Spells                   Type           Power      Damage    Failure   Level
 Apportation              Tloc           12%        N/A       12%         1
 Foxfire                  Conj/Fire      24%        2x1d5     12%         1
 Slow                     Hex            24%        N/A       12%         1
 Agony                    Necr           34%        N/A       24%         5
 Confusing Touch          Hex            6%         N/A       34%         3
 Conjure Flame            Conj/Fire      6%         6-21      34%         3
 Inner Flame              Hex/Fire       6%         N/A       34%         3
 Cause Fear               Hex            3%         N/A       75%         4
 Flame Wave               Conj/Fire      6%         2d5       75%         4
 Alistair's Intoxication  Tmut/Pois      4%         N/A       97%         5
 Dragon Form              Tmut           3%         N/A       100%        7
 Dragon's Call            Summ           3%         N/A       100%        9


Dungeon Overview and Level Annotations

Branches:
Dungeon (7/15)
 Temple: D:4-7

Altars:
Sif Muna
Zin

Annotations:
D:3 osoart's ghost, amateur SpBr


Message History

Something hits your bullfrog skeleton!
Your bullfrog skeleton closely misses the wight.
The wight hits your bullfrog skeleton with a +0 falchion!
Your bullfrog skeleton is destroyed!
The wight misses you. The wight hits you with a +0 war axe!
* * * LOW HITPOINT WARNING * * *
The wight attacks as you move away! The wight misses you.
The wight attacks as you move away! The wight misses you. The wight misses you.
The wight attacks as you move away! The wight barely misses you.
The wight attacks as you move away! The wight hits you with a +0 war axe.
* * * LOW HITPOINT WARNING * * *
Blink to where?
Press: ? - help, Dir - move target
As you read the scroll of blinking, it crumbles to dust.
As you read the scroll labelled MIH SIUBRIEZXOA, it crumbles to dust.
You feel strangely unstable.
It was a scroll of teleportation.
Your surroundings suddenly seem different.
There is a stone staircase leading down here.
You climb downwards.
Found a stone staircase leading down.
There is a stone staircase leading up here.
The helpless water moccasin fails to defend itself.
You puncture the water moccasin!
Your weapon exudes an aura of protection.
The water moccasin is heavily wounded.
The water moccasin misses you.
The water moccasin bites you but does no damage.
You barely miss the water moccasin.
The water moccasin is heavily wounded.
The water moccasin bites you but does no damage.
You closely miss the water moccasin. You punch the water moccasin.
The water moccasin is severely wounded.
The water moccasin closely misses you. The water moccasin barely misses you.
You hit the water moccasin but do no damage.
Your weapon exudes an aura of protection.
The water moccasin is severely wounded.
The water moccasin bites you.
You die...

### #.#
######.#
......#
....###
...#.#....#
.>.....@#
.####.S.#
#..## #..
#.. ##. #.
..


You could see a water moccasin.

Vanquished Creatures
  2 bullfrogs
  A gnoll (D:1)
  4 adders
  3 worms
  6 orcs (D:3)
  4 giant cockroaches
  A goblin (D:1)
  4 hobgoblins
  2 kobolds
  2 quokkas
  4 ball pythons
  7 bats
  2 frilled lizards
  5 rats
47 creatures vanquished.

Vanquished Creatures (collateral kills)
  An adder (D:3)
  2 orcs (D:3)
  A giant cockroach (D:3)
  2 rats (D:3)
6 creatures vanquished.

Grand Total: 53 creatures vanquished

Notes
Turn   | Place    | Note
-------+----------+-------------------------------------------
     0 | D:1      | xian the Deep Elf Necromancer began the quest for the Orb.
     0 | D:1      | Reached XP level 1. HP: 10/10 MP: 6/6
    47 | D:1      | Found a faded altar of an unknown god.
    85 | D:1      | Reached skill level 5 in Necromancy
   273 | D:1      | Reached XP level 2. HP: 15/15 MP: 5/8
   946 | D:2      | Reached XP level 3. HP: 19/19 MP: 4/10
   950 | D:2      | Learned a level 3 spell: Vampiric Draining
  2193 | D:3      | Found a runed translucent door.
  2208 | D:3      | Noticed a bullfrog
  2209 | D:3      | Noticed osoart's ghost (amateur SpBr)
  2220 | D:3      | Killed a bullfrog
  2221 | D:3      | Reached XP level 4. HP: 11/24 MP: 5/12
  2436 | D:3      | Reached skill level 5 in Spellcasting
  2473 | D:3      | Reached XP level 5. HP: 26/28 MP: 2/14
  2491 | D:3      | Learned a level 4 spell: Animate Dead
  2624 | D:3      | Found a glowing silver altar of Zin.
  3084 | D:3      | Found a shimmering blue altar of Sif Muna.
  3237 | D:4      | You fall into a shaft and drop 3 floors!
  3342 | D:6      | HP: 1/28 [wight/+0 war axe (4)]
  3353 | D:7      | Noticed a water moccasin
  3357 | D:7      | Slain by a water moccasin

Illustrated notes

Levels and vault maps discovered:
D:1:      saegor_arrival_simple_e, layout_loops_ring,
          ebering_ecumenical_altar_box, serial_bayou_crossing
D:2:      layout_basic
D:3:      layout_basic, zin_academy, nicolae_sif_muna_little_library,
          ebering_ghost_sewer_d, chequers_serial_rivers_small_b
D:4:      layout_basic, lexackson_kobold_supper
D:6:      layout_loops_corners, serial_shops, nicolae_shop_crystal,
          kennysheep_generic_room_14
D:7:      layout_basic, grunt_temple_overflow_holy_war,
          minmay_temple_entry_statues_pillars

Skill      XL: |  1  2  3  4  5 |
---------------+----------------+-----
Necromancy     | 5 6 |  6.3
Spellcasting   | 4 5 6 |  6.0
Stealth        | 3 |  3.0
Fighting       | |  0.2
Short Blades   | |  0.6
Armour         | |  0.8
Dodging        | |  2.7

Action                   |  1- 3 |  4- 6 || total
-------------------------+-------+-------++-------
Melee: Unarmed           |     2 |       ||     2
       Short sword       |    11 |     9 ||    20
       Punch             |       |     1 ||     1
 Cast: Necrotise         |    44 |    41 ||    85
       Vampiric Draining |     1 |     1 ||     2
  Use: Scroll            |       |     4 ||     4
 Stab: Sleeping          |     1 |     1 ||     2
Armor: Robe              |     2 |       ||     2
       Leather armour    |    11 |    10 ||    21
Dodge: Dodged            |    16 |    38 ||    54

Table legend: (Time is in decaauts)
 A = Elapsed time spent in this place.
 B = Non-inter-level travel time spent in this place.
 C = Inter-level travel time spent in this place.
 D = Time resting spent in this place.
 E = Time spent auto-exploring this place.
 F = Levels seen in this place.
 G = Mean time per level.
                   A        B        C        D        E       F      G
               +--------+--------+--------+--------+--------+-----+--------+
         Total |   3372 |   3281 |     91 |      0 |   2312 |   6 |  562.0 |
       Dungeon |   3372 |   3281 |     91 |      0 |   2312 |   6 |  562.0 |
               +--------+--------+--------+--------+--------+-----+--------+

Top non-repeatable levels by time:
     D:2: 1394 daAuts
     D:1: 905 daAuts
     D:3: 837 daAuts
     D:4: 115 daAuts
     D:6: 89 daAuts
     D:7: 29 daAuts
